Eagles vs Thunderbirds
Created - December 4, 2021 at 23:21
Goals
|
| Eagles |
1 |
0 |
0 |
1 |
| Thunderbirds |
1 |
1 |
1 |
3 |
|
Shots
|
| Eagles |
17 |
2 |
11 |
30 |
| Thunderbirds |
10 |
15 |
9 |
34 |
|
1st period
1. Thunderbirds , Nicklas Jensen 1 (Griffin Reinhart 1, Niklas Hansson 1) at 5:26
2. Eagles , Jonathan Marchessault 1 (Dmitrij Jaskin 1, Anthony Duclair 1) at 9:17
Penalties :
No Penalty
2nd period
3. Thunderbirds , Jerry D'Amigo 1 (John Draeger 1, Ryan Lomberg 1) at 14:50 (PP)
Penalties :
Jonathan Marchessault (Col) for Tripping (Minor) at 14:00, Kerby Rychel (Spr) for Tripping (Minor) at 16:31
3rd period
4. Thunderbirds , Tanner Laczynski 1 (Nicklas Jensen 1, Griffin Reinhart 2) at 9:04
Penalties :
Quinton Howden (Spr) for Interference (Minor) at 13:18
Goalie Stats
Marek Mazanek (Col), 31 saves from 34 shots - (0.912), L, 0-1-0, 60:00 minutes
Igor Bobkov (Spr), 29 saves from 30 shots - (0.967), W, 1-0-0, 60:00 minutes
Players Stats for Eagles
Player Name G A P +/- PIM S H SB GA TA FO MP PP MP PK MP
------------------------------------------------------------------------------------
Anthony Duclair 0 1 1 0 0 3 2 0 0 0 0/1 19:17 1:57 0:36
Connor Carrick 0 0 0 -1 0 1 2 2 0 0 0/0 12:26 0:46 0:00
Dmitrij Jaskin 0 1 1 -1 0 1 1 0 0 2 0/1 23:50 2:00 0:14
Drake Caggiula 0 0 0 0 0 3 2 0 0 0 6/10 18:41 1:57 0:25
Jared McCann 0 0 0 0 0 0 3 1 0 0 2/6 15:56 0:00 0:00
Joel Edmundson 0 0 0 0 0 2 0 1 0 0 0/0 24:10 1:44 0:16
John Ramage 0 0 0 0 0 0 0 1 1 0 0/0 17:39 1:44 0:34
Jonathan Marchessault 1 0 1 -1 2 8 2 0 0 0 11/24 23:35 2:00 0:00
Jonathan Racine 0 0 0 0 0 0 1 0 0 0 0/0 6:21 0:00 0:00
Joseph Blandisi 0 0 0 -1 0 2 2 0 0 0 1/1 21:15 2:00 0:00
Matteson Iacopelli 0 0 0 0 0 0 0 0 0 0 0/0 18:27 1:57 0:00
Michael Dal Colle 0 0 0 0 0 1 1 1 0 0 0/0 15:56 0:00 0:00
Pius Suter 0 0 0 0 0 0 0 0 0 0 1/1 0:47 0:00 0:25
Ryan Murphy 0 0 0 0 0 0 0 0 0 0 0/0 17:39 1:44 0:34
Sam Steel 0 0 0 0 0 0 0 0 0 0 0/0 1:08 0:01 0:00
Stefan Elliott 0 0 0 0 0 2 2 3 1 0 0/0 24:25 1:59 0:16
Thomas Chabot 0 0 0 -1 0 1 1 0 0 0 0/0 11:20 0:00 0:00
Tyler Motte 0 0 0 0 0 0 0 0 0 0 0/0 1:42 0:01 0:00
Xavier Ouellet 0 0 0 0 0 1 0 0 0 0 0/0 6:21 0:00 0:00
Zach Aston-Reese 0 0 0 0 0 5 1 1 0 2 2/4 18:14 0:00 0:00
Players Stats for Thunderbirds
Player Name G A P +/- PIM S H SB GA TA FO MP PP MP PK MP
------------------------------------------------------------------------------------
Artur Kayumov 0 0 0 2 0 0 0 0 0 0 0/1 8:43 0:00 0:00
Christian Fischer 0 0 0 -1 0 2 0 0 0 0 1/2 19:00 0:21 0:00
Griffin Reinhart 0 2 2 2 0 1 2 1 0 0 0/0 23:27 0:24 0:12
Jake Walman 0 0 0 0 0 0 0 3 0 0 0/0 16:29 0:00 1:42
Jean-Sebastien Dea 0 0 0 0 0 1 2 0 0 0 4/6 17:33 0:29 0:55
Jerry D'Amigo 1 0 1 0 0 3 0 1 0 1 0/0 18:52 0:29 2:03
John Draeger 0 1 1 -1 0 1 0 0 0 1 0/0 20:35 0:26 2:16
Kerby Rychel 0 0 0 0 2 2 4 0 1 0 1/1 12:45 0:00 1:02
Michal Jordan 0 0 0 -1 0 1 3 0 0 0 0/0 17:58 0:24 0:00
Mitchell Heard 0 0 0 0 0 0 2 1 0 0 6/10 13:12 0:00 1:42
Nicklas Jensen 1 1 2 2 0 2 0 0 0 0 0/0 8:43 0:00 0:00
Niklas Hansson 0 1 1 2 0 1 2 1 0 0 0/0 25:02 0:26 2:04
Quinton Howden 0 0 0 -1 2 2 1 1 2 0 11/25 20:08 0:21 0:58
Ryan Lomberg 0 1 1 0 0 8 3 0 1 0 0/0 16:59 0:29 0:07
Tanner Laczynski 1 0 1 2 0 2 0 0 0 0 1/1 8:43 0:00 0:00
Tom Kuhnhackl 0 0 0 0 0 0 2 1 0 0 0/0 11:23 0:00 0:07
Valentin Zykov 0 0 0 -1 0 7 2 0 0 0 1/2 19:59 0:21 1:02
Viktor Baldayev 0 0 0 0 0 1 2 2 0 0 0/0 16:29 0:00 1:42
3 Stars
1 - Nicklas Jensen (Spr)
2 - Igor Bobkov (Spr)
3 - Griffin Reinhart (Spr)
Power Play
Eagles - 0 on 2 Attempt(s) - 0.00%
Thunderbirds - 1 on 1 Attempt(s) - 100.00%
Penalty Kill
Eagles - 0 on 1 Attempt(s) - 0.00%
- Score 0 goal in Penalty Kill
Thunderbirds - 2 on 2 Attempt(s) - 100.00%
- Score 0 goal in Penalty Kill
Team Stat
Eagles - Hits : 20 - Faceoff Wins : 23 - Blocked Shots : 10 - Penalty Minutes : 2
Thunderbirds - Hits : 25 - Faceoff Wins : 25 - Blocked Shots : 11 - Penalty Minutes : 4
Official
Referees : Ian Walsh and Justin St. Pierre
Linesman : James Tobias and Travis Toomey
Game Notes
No Game Note
Finance
Level 1 -- Attendance: 1883 (94.15%) -- Ticket Income $65,905
Level 2 -- Attendance: 982 (98.20%) -- Ticket Income $14,730
Total Attendance: 2865 (95.50%)
Total Ticket Income: $80,635
Other Income: $4,032
Total Income: $84,667
Eagles
5 vs 5 Forward
Center Left Wing Right Wing Time % Phy DF OF
1 Jonathan Marchessault Joseph Blandisi Dmitrij Jaskin 40 1 2 2
2 Drake Caggiula Anthony Duclair Matteson Iacopelli 30 1 2 2
3 Jared McCann Michael Dal Colle Zach Aston-Reese 20 1 2 2
4 Zach Aston-Reese Jonathan Marchessault Dmitrij Jaskin 10 1 2 2
5 vs 5 Defense
Defense Defense Time % Phy DF OF
1 Stefan Elliott Joel Edmundson 40 1 2 2
2 Ryan Murphy John Ramage 30 1 2 2
3 Connor Carrick Thomas Chabot 20 1 2 2
4 Jonathan Racine Xavier Ouellet 10 1 2 2
PowerPlay Forward
Center Left Wing Right Wing Time % Phy DF OF
1 Jonathan Marchessault Joseph Blandisi Dmitrij Jaskin 60 1 2 2
2 Drake Caggiula Anthony Duclair Matteson Iacopelli 40 1 2 2
PowerPlay Defense
Defense Defense Time % Phy DF OF
1 Stefan Elliott Joel Edmundson 60 1 2 2
2 Ryan Murphy John Ramage 40 1 2 2
Penalty Kill 4 Players Forward
Center Wing Time % Phy DF OF
1 Jonathan Marchessault Dmitrij Jaskin 60 1 2 2
2 Joseph Blandisi Drake Caggiula 40 1 2 2
Penalty Kill 4 Players Defense
Defense Defense Time % Phy DF OF
1 Stefan Elliott Joel Edmundson 60 1 2 2
2 Ryan Murphy John Ramage 40 1 2 2
Penalty Kill - 3 Players Forward
Forward Time % Phy DF OF
1 Jonathan Marchessault 60 1 2 2
2 Dmitrij Jaskin 40 1 2 2
Penalty Kill - 3 Players Defense
Defense Defense Time % Phy DF OF
1 Stefan Elliott Joel Edmundson 60 1 2 2
2 Ryan Murphy John Ramage 40 1 2 2
4 vs 4 Forward
Center Wing Time % Phy DF OF
1 Jonathan Marchessault Dmitrij Jaskin 60 1 2 2
2 Joseph Blandisi Drake Caggiula 40 1 2 2
4 vs 4 Defense
Defense Defense Time % Phy DF OF
1 Stefan Elliott Joel Edmundson 60 1 2 2
2 Ryan Murphy John Ramage 40 1 2 2
Last Minutes Offensive
Center Left Wing Right Wing Defense Defense
Jonathan Marchessault Joseph Blandisi Dmitrij Jaskin Stefan Elliott Joel Edmundson
Last Minutes Defensive
Center Left Wing Right Wing Defense Defense
Jonathan Marchessault Joseph Blandisi Dmitrij Jaskin Stefan Elliott Joel Edmundson
Goaltenders
Starting : Marek Mazanek
Backup : Antoine Bibeau
Extra Forwards
Normal : Tyler Motte, Sam Steel, Pius Suter - PP : Tyler Motte, Sam Steel - PK : Pius Suter
Extra Defensemen
Normal : Connor Carrick, Thomas Chabot, Jonathan Racine - PP : Connor Carrick - PK : Thomas Chabot, Jonathan Racine
Penalty Shots
Jonathan Marchessault, Dmitrij Jaskin, Joseph Blandisi, Drake Caggiula, Anthony Duclair
Scratches
Chris Calhan (Healthy), Dominik Kubalik (Healthy), Mark Friedman (Healthy), Keaton Middleton (Healthy), Max Lajoie (Healthy)
Pascal Laberge (Healthy), Adin Hill (Healthy)
Thunderbirds
5 vs 5 Forward
Center Left Wing Right Wing Time % Phy DF OF
1 Quinton Howden Valentin Zykov Christian Fischer 40 1 2 2
2 Jean-Sebastien Dea Ryan Lomberg Jerry D'Amigo 30 1 2 2
3 Mitchell Heard Kerby Rychel Tom Kuhnhackl 20 1 2 2
4 Tanner Laczynski Artur Kayumov Nicklas Jensen 10 1 2 2
5 vs 5 Defense
Defense Defense Time % Phy DF OF
1 Griffin Reinhart Niklas Hansson 40 1 2 2
2 Michal Jordan John Draeger 30 1 2 2
3 Viktor Baldayev Jake Walman 20 1 2 2
4 Griffin Reinhart Niklas Hansson 10 1 2 2
PowerPlay Forward
Center Left Wing Right Wing Time % Phy DF OF
1 Quinton Howden Valentin Zykov Christian Fischer 60 0 1 4
2 Jean-Sebastien Dea Ryan Lomberg Jerry D'Amigo 40 0 1 4
PowerPlay Defense
Defense Defense Time % Phy DF OF
1 Griffin Reinhart Michal Jordan 60 0 2 3
2 John Draeger Niklas Hansson 40 0 2 3
Penalty Kill 4 Players Forward
Center Wing Time % Phy DF OF
1 Quinton Howden Jerry D'Amigo 60 1 3 1
2 Mitchell Heard Tom Kuhnhackl 40 1 3 1
Penalty Kill 4 Players Defense
Defense Defense Time % Phy DF OF
1 Niklas Hansson John Draeger 60 1 4 0
2 Viktor Baldayev Jake Walman 40 1 4 0
Penalty Kill - 3 Players Forward
Forward Time % Phy DF OF
1 Quinton Howden 60 1 2 2
2 Jerry D'Amigo 40 1 2 2
Penalty Kill - 3 Players Defense
Defense Defense Time % Phy DF OF
1 Niklas Hansson John Draeger 60 1 2 2
2 Viktor Baldayev Jake Walman 40 1 2 2
4 vs 4 Forward
Center Wing Time % Phy DF OF
1 Quinton Howden Christian Fischer 60 1 2 2
2 Jean-Sebastien Dea Ryan Lomberg 40 1 2 2
4 vs 4 Defense
Defense Defense Time % Phy DF OF
1 Griffin Reinhart Niklas Hansson 60 1 2 2
2 Michal Jordan John Draeger 40 1 2 2
Last Minutes Offensive
Center Left Wing Right Wing Defense Defense
Quinton Howden Valentin Zykov Christian Fischer Griffin Reinhart Niklas Hansson
Last Minutes Defensive
Center Left Wing Right Wing Defense Defense
Quinton Howden Kerby Rychel Jerry D'Amigo Niklas Hansson John Draeger
Goaltenders
Starting : Igor Bobkov
Backup : Garret Sparks
Extra Forwards
Normal : Ryan Lomberg, Christian Fischer, Valentin Zykov - PP : Tanner Laczynski, Tom Kuhnhackl - PK : Kerby Rychel
Extra Defensemen
Normal : John Draeger, Niklas Hansson, Griffin Reinhart - PP : Michal Jordan - PK : Griffin Reinhart, Niklas Hansson
Penalty Shots
Tanner Laczynski, Tom Kuhnhackl, Quinton Howden, Kerby Rychel, Jean-Sebastien Dea
Scratches
Connor Honey (Healthy), Dmytro Timashov (Healthy), Keaton Thompson (Healthy), Kyle Platzer (Healthy), Lukas Vejdemo (Healthy)
Matt Puempel (Healthy), Michael McCarron (Healthy), Nelson Nogier (Healthy), Roberts Lipsbergs (Healthy), Calvin Thurkauf (Healthy)
Artyom Zagidulin (Healthy)
% Time on Ice - Eagles
Lines # - Real PCT - Wanted PCT - Time Play
Normal Forward
1 - 36% - 40% - 20:06
2 - 30% - 30% - 16:32
3 - 29% - 20% - 15:56
4 - 5% - 10% - 2:38
Normal Defense
1 - 40% - 40% - 22:10
2 - 28% - 30% - 15:21
3 - 21% - 20% - 11:20
4 - 12% - 10% - 6:21
PP Forward
1 - 51% - 60% - 2:01
2 - 49% - 40% - 1:57
PP Defense
1 - 56% - 60% - 2:14
2 - 44% - 40% - 1:44
PK Forward
1 - 100% - 60% - 0:50
2 - 0% - 40% - 0:00
PK Defense
1 - 32% - 60% - 0:16
2 - 68% - 40% - 0:34
PK3 Forward
1 - 0% - 60%
2 - 0% - 40%
PK3 Defense
1 - 0% - 60%
2 - 0% - 40%
44 Forward
1 - 0% - 60%
2 - 0% - 40%
44 Defense
1 - 0% - 60%
2 - 0% - 40%
Last Minute Offensive - 0:00
Last Minute Defensive - 0:00
Total
Forward - 60:00
Defense - 60:00
|
% Time on Ice - Thunderbirds
Lines # - Real PCT - Wanted PCT - Time Play
Normal Forward
1 - 35% - 40% - 19:04
2 - 29% - 30% - 16:09
3 - 20% - 20% - 11:16
4 - 16% - 10% - 8:43
Normal Defense
1 - 37% - 40% - 20:23
2 - 32% - 30% - 17:48
3 - 26% - 20% - 14:33
4 - 4% - 10% - 2:28
PP Forward
1 - 42% - 60% - 0:21
2 - 58% - 40% - 0:29
PP Defense
1 - 48% - 60% - 0:24
2 - 52% - 40% - 0:26
PK Forward
1 - 97% - 60% - 3:51
2 - 3% - 40% - 0:07
PK Defense
1 - 57% - 60% - 2:16
2 - 43% - 40% - 1:42
PK3 Forward
1 - 0% - 60%
2 - 0% - 40%
PK3 Defense
1 - 0% - 60%
2 - 0% - 40%
44 Forward
1 - 0% - 60%
2 - 0% - 40%
44 Defense
1 - 0% - 60%
2 - 0% - 40%
Last Minute Offensive - 0:00
Last Minute Defensive - 0:00
Total
Forward - 60:00
Defense - 60:00
|
Play-by-Play
1st period
0:01 of 1st period - Christian Fischer wins face-off versus Jonathan Marchessault in neutral zone.
0:28 of 1st period - Off-side.
0:29 of 1st period - Drake Caggiula wins face-off versus Jean-Sebastien Dea in neutral zone.
0:41 of 1st period - Slapshot by Michal Jordan.
0:41 of 1st period - Deflect By John Ramage.
0:41 of 1st period - Stopped by Marek Mazanek without a rebound.
0:42 of 1st period - Jared McCann wins face-off versus Mitchell Heard in Eagles zone.
0:42 of 1st period - Jared McCann is hit by Kerby Rychel.
0:48 of 1st period - Slapshot by Thomas Chabot.
0:48 of 1st period - Stopped by Igor Bobkov with a rebound.
0:50 of 1st period - Snap shot by Connor Carrick.
0:50 of 1st period - Stopped by Igor Bobkov without a rebound.
0:51 of 1st period - Mitchell Heard wins face-off versus Jared McCann in Thunderbirds zone.
0:51 of 1st period - Mitchell Heard is hit by Jared McCann.
1:13 of 1st period - Backhand shot by Zach Aston-Reese.
1:13 of 1st period - Shot Misses the Net.
1:15 of 1st period - Snap shot by Zach Aston-Reese.
1:15 of 1st period - Shot Misses the Net.
1:17 of 1st period - Wrist shot by Zach Aston-Reese.
1:17 of 1st period - Stopped by Igor Bobkov without a rebound.
1:18 of 1st period - Jonathan Marchessault wins face-off versus Artur Kayumov in Thunderbirds zone.
1:41 of 1st period - Icing by John Draeger.
1:42 of 1st period - Drake Caggiula wins face-off versus Valentin Zykov in Thunderbirds zone.
1:43 of 1st period - Snap shot by Anthony Duclair.
1:43 of 1st period - Stopped by Igor Bobkov without a rebound.
1:44 of 1st period - Drake Caggiula wins face-off versus Quinton Howden in Thunderbirds zone.
1:47 of 1st period - Slapshot by Drake Caggiula.
1:47 of 1st period - Stopped by Igor Bobkov with a rebound.
1:51 of 1st period - Snap shot by Drake Caggiula.
1:51 of 1st period - Stopped by Igor Bobkov with a rebound.
1:53 of 1st period - Wrist shot by Joel Edmundson.
1:53 of 1st period - Stopped by Igor Bobkov with a rebound.
1:55 of 1st period - Wrist shot by Matteson Iacopelli.
1:55 of 1st period - Shot Hit the Post.
1:57 of 1st period - Wrist shot by Anthony Duclair.
1:57 of 1st period - Shot Misses the Net.
1:59 of 1st period - Snap shot by Anthony Duclair.
1:59 of 1st period - Stopped by Igor Bobkov with a rebound.
2:18 of 1st period - Snap shot by Ryan Lomberg.
2:18 of 1st period - Stopped by Marek Mazanek without a rebound.
2:19 of 1st period - Jonathan Marchessault wins face-off versus Christian Fischer in Eagles zone.
3:28 of 1st period - Snap shot by Jerry D'Amigo.
3:28 of 1st period - Shot Blocked by Zach Aston-Reese.
3:40 of 1st period - Ryan Murphy is hit by Michal Jordan and loses puck.
4:17 of 1st period - Snap shot by Zach Aston-Reese.
4:17 of 1st period - Stopped by Igor Bobkov without a rebound.
4:18 of 1st period - Joseph Blandisi wins face-off versus Quinton Howden in Thunderbirds zone.
4:19 of 1st period - Snap shot by Jonathan Marchessault.
4:19 of 1st period - Shot Blocked by Griffin Reinhart.
4:31 of 1st period - Snap shot by Jonathan Marchessault.
4:31 of 1st period - Deflect By Dmitrij Jaskin.
4:31 of 1st period - Shot Blocked by Niklas Hansson.
4:31 of 1st period - Puck is out of play.
4:32 of 1st period - Mitchell Heard wins face-off versus Jonathan Marchessault in Thunderbirds zone.
4:47 of 1st period - Backhand shot by Kerby Rychel.
4:47 of 1st period - Stopped by Marek Mazanek with a rebound.
4:57 of 1st period - Griffin Reinhart is hit by Drake Caggiula and loses puck.
5:24 of 1st period - Slapshot by Griffin Reinhart.
5:24 of 1st period - Shot Blocked by Connor Carrick.
5:26 of 1st period - Snap shot by Nicklas Jensen.
5:26 of 1st period - Goal by Nicklas Jensen - Eagles : 0 - Thunderbirds : 1.
5:27 of 1st period - Quinton Howden wins face-off versus Jonathan Marchessault in neutral zone.
5:53 of 1st period - Joel Edmundson is hit by Kerby Rychel and loses puck.
6:35 of 1st period - Dmitrij Jaskin is hit by Jean-Sebastien Dea and loses puck.
6:56 of 1st period - Wrist shot by Quinton Howden.
6:56 of 1st period - Deflect By Valentin Zykov.
6:56 of 1st period - Stopped by Marek Mazanek with a rebound.
7:10 of 1st period - Connor Carrick is hit by Mitchell Heard and loses puck.
7:17 of 1st period - Wrist shot by Mitchell Heard.
7:17 of 1st period - Shot Blocked by Jared McCann.
7:19 of 1st period - Wrist shot by Viktor Baldayev.
7:19 of 1st period - Shot Misses the Net.
7:21 of 1st period - Slapshot by Jake Walman.
7:21 of 1st period - Shot Misses the Net.
7:31 of 1st period - Jake Walman is hit by Jonathan Marchessault.
7:47 of 1st period - John Ramage is hit by Ryan Lomberg and loses puck.
8:34 of 1st period - Ryan Murphy is hit by Viktor Baldayev and loses puck.
9:15 of 1st period - Slapshot by Dmitrij Jaskin.
9:15 of 1st period - Stopped by Igor Bobkov with a rebound.
9:17 of 1st period - Wrist shot by Jonathan Marchessault.
9:17 of 1st period - Goal by Jonathan Marchessault - Eagles : 1 - Thunderbirds : 1.
9:18 of 1st period - Quinton Howden wins face-off versus Jonathan Marchessault in neutral zone.
9:29 of 1st period - Wrist shot by Quinton Howden.
9:29 of 1st period - Stopped by Marek Mazanek with a rebound.
9:31 of 1st period - Slapshot by Niklas Hansson.
9:31 of 1st period - Shot Blocked by Stefan Elliott.
9:45 of 1st period - Icing by Niklas Hansson.
9:46 of 1st period - Jean-Sebastien Dea wins face-off versus Jared McCann in Thunderbirds zone.
10:12 of 1st period - Wrist shot by Zach Aston-Reese.
10:12 of 1st period - Shot Misses the Net.
10:14 of 1st period - Slapshot by Jared McCann.
10:14 of 1st period - Deflect By Viktor Baldayev.
10:14 of 1st period - Shot Blocked by Jake Walman.
10:14 of 1st period - Puck is out of play.
10:15 of 1st period - Jonathan Marchessault wins face-off versus Quinton Howden in Thunderbirds zone.
10:49 of 1st period - Wrist shot by Kerby Rychel.
10:49 of 1st period - Shot Misses the Net.
11:15 of 1st period - Wrist shot by Ryan Lomberg.
11:15 of 1st period - Stopped by Marek Mazanek without a rebound.
11:16 of 1st period - Jonathan Marchessault wins face-off versus Quinton Howden in Eagles zone.
11:25 of 1st period - Slapshot by Quinton Howden.
11:25 of 1st period - Shot Misses the Net.
11:27 of 1st period - Wrist shot by Valentin Zykov.
11:27 of 1st period - Stopped by Marek Mazanek without a rebound.
11:28 of 1st period - Zach Aston-Reese wins face-off versus Quinton Howden in Eagles zone.
11:39 of 1st period - Wrist shot by Jonathan Marchessault.
11:39 of 1st period - Shot Blocked by Viktor Baldayev.
12:36 of 1st period - Stefan Elliott is hit by Niklas Hansson and loses puck.
14:07 of 1st period - Valentin Zykov is hit by Connor Carrick and loses puck.
14:18 of 1st period - Quinton Howden is hit by Joseph Blandisi and loses puck.
14:28 of 1st period - Off-side.
14:29 of 1st period - Drake Caggiula wins face-off versus Jean-Sebastien Dea in neutral zone.
14:40 of 1st period - Jerry D'Amigo is hit by Jonathan Racine and loses puck.
14:57 of 1st period - Zach Aston-Reese is hit by Valentin Zykov and loses puck.
15:04 of 1st period - Wrist shot by Quinton Howden.
15:04 of 1st period - Deflect By Valentin Zykov.
15:04 of 1st period - Stopped by Marek Mazanek with a rebound.
15:06 of 1st period - Slapshot by Niklas Hansson.
15:06 of 1st period - Stopped by Marek Mazanek with a rebound.
15:16 of 1st period - Snap shot by Jonathan Marchessault.
15:16 of 1st period - Stopped by Igor Bobkov without a rebound.
15:17 of 1st period - Mitchell Heard wins face-off versus Jonathan Marchessault in Thunderbirds zone.
15:17 of 1st period - Mitchell Heard is hit by Joseph Blandisi.
15:23 of 1st period - Wrist shot by Jonathan Marchessault.
15:23 of 1st period - Stopped by Igor Bobkov without a rebound.
15:24 of 1st period - Jonathan Marchessault wins face-off versus Quinton Howden in Thunderbirds zone.
15:31 of 1st period - Snap shot by Jonathan Marchessault.
15:31 of 1st period - Stopped by Igor Bobkov without a rebound.
15:32 of 1st period - Jonathan Marchessault wins face-off versus Quinton Howden in Thunderbirds zone.
15:43 of 1st period - Snap shot by Jonathan Marchessault.
15:43 of 1st period - Shot Misses the Net.
15:45 of 1st period - Wrist shot by Jonathan Marchessault.
15:45 of 1st period - Stopped by Igor Bobkov with a rebound.
15:47 of 1st period - Snap shot by Jonathan Marchessault.
15:47 of 1st period - Shot Misses the Net.
16:46 of 1st period - Icing by Dmitrij Jaskin.
16:47 of 1st period - Quinton Howden wins face-off versus Jonathan Marchessault in Eagles zone.
17:28 of 1st period - Snap shot by Jonathan Marchessault.
17:28 of 1st period - Stopped by Igor Bobkov without a rebound.
17:29 of 1st period - Quinton Howden wins face-off versus Drake Caggiula in Thunderbirds zone.
17:38 of 1st period - Christian Fischer is hit by Connor Carrick and loses puck.
17:45 of 1st period - Snap shot by Drake Caggiula.
17:45 of 1st period - Stopped by Igor Bobkov with a rebound.
17:55 of 1st period - Jared McCann is hit by Kerby Rychel and loses puck.
18:02 of 1st period - Michal Jordan is hit by Zach Aston-Reese.
18:50 of 1st period - Wrist shot by Quinton Howden.
18:50 of 1st period - Shot Misses the Net.
19:42 of 1st period - Connor Carrick is hit by Michal Jordan and loses puck.
Goals for this period are 1 for Eagles vs 1 for Thunderbirds.
Shots for this period are 17 for Eagles vs 10 for Thunderbirds.
2nd period
0:01 of 2nd period - Quinton Howden wins face-off versus Zach Aston-Reese in neutral zone.
0:16 of 2nd period - Wrist shot by Quinton Howden.
0:16 of 2nd period - Deflect By Valentin Zykov.
0:16 of 2nd period - Shot Blocked by Joel Edmundson.
0:16 of 2nd period - Puck is out of play.
0:17 of 2nd period - Mitchell Heard wins face-off versus Anthony Duclair in Eagles zone.
0:22 of 2nd period - Slapshot by Tom Kuhnhackl.
0:22 of 2nd period - Shot Misses the Net.
0:30 of 2nd period - Slapshot by Kerby Rychel.
0:30 of 2nd period - Shot Misses the Net.
0:32 of 2nd period - Snap shot by Mitchell Heard.
0:32 of 2nd period - Shot Misses the Net.
0:42 of 2nd period - Jonathan Marchessault is hit by Niklas Hansson and loses puck.
1:26 of 2nd period - Ryan Lomberg is hit by Stefan Elliott and loses puck.
1:35 of 2nd period - Snap shot by Dmitrij Jaskin.
1:35 of 2nd period - Shot Blocked by Jerry D'Amigo.
1:37 of 2nd period - Wrist shot by Zach Aston-Reese.
1:37 of 2nd period - Stopped by Igor Bobkov without a rebound.
1:38 of 2nd period - Drake Caggiula wins face-off versus Quinton Howden in Thunderbirds zone.
2:38 of 2nd period - Connor Carrick is hit by Kerby Rychel and loses puck.
2:59 of 2nd period - Slapshot by Nicklas Jensen.
2:59 of 2nd period - Shot Misses the Net.
3:01 of 2nd period - Wrist shot by Tanner Laczynski.
3:01 of 2nd period - Shot Misses the Net.
3:41 of 2nd period - Anthony Duclair is hit by Tom Kuhnhackl and loses puck.
4:02 of 2nd period - Snap shot by Valentin Zykov.
4:02 of 2nd period - Stopped by Marek Mazanek with a rebound.
4:04 of 2nd period - Wrist shot by John Draeger.
4:04 of 2nd period - Deflect By Jared McCann.
4:04 of 2nd period - Stopped by Marek Mazanek with a rebound.
4:06 of 2nd period - Wrist shot by Christian Fischer.
4:06 of 2nd period - Shot Misses the Net.
4:48 of 2nd period - Snap shot by Mitchell Heard.
4:48 of 2nd period - Shot Misses the Net.
5:22 of 2nd period - Zach Aston-Reese is hit by Griffin Reinhart and loses puck.
5:37 of 2nd period - Snap shot by Valentin Zykov.
5:37 of 2nd period - Shot Misses the Net.
5:39 of 2nd period - Snap shot by Valentin Zykov.
5:39 of 2nd period - Stopped by Marek Mazanek with a rebound.
5:41 of 2nd period - Snap shot by Valentin Zykov.
5:41 of 2nd period - Deflect By Christian Fischer.
5:41 of 2nd period - Stopped by Marek Mazanek without a rebound.
5:42 of 2nd period - Quinton Howden wins face-off versus Jonathan Marchessault in Eagles zone.
5:43 of 2nd period - Wrist shot by Valentin Zykov.
5:43 of 2nd period - Stopped by Marek Mazanek with a rebound.
5:51 of 2nd period - Wrist shot by Valentin Zykov.
5:51 of 2nd period - Shot Misses the Net.
5:53 of 2nd period - Slapshot by Niklas Hansson.
5:53 of 2nd period - Deflect By Quinton Howden.
5:53 of 2nd period - Shot Hit the Post.
5:53 of 2nd period - Puck is out of play.
5:54 of 2nd period - Jonathan Marchessault wins face-off versus Quinton Howden in Eagles zone.
6:57 of 2nd period - John Ramage is hit by Viktor Baldayev and loses puck.
7:08 of 2nd period - Slapshot by Ryan Lomberg.
7:08 of 2nd period - Stopped by Marek Mazanek with a rebound.
7:10 of 2nd period - Snap shot by Ryan Lomberg.
7:10 of 2nd period - Shot Misses the Net.
7:12 of 2nd period - Slapshot by Viktor Baldayev.
7:12 of 2nd period - Shot Blocked by Michael Dal Colle.
7:28 of 2nd period - Wrist shot by Zach Aston-Reese.
7:28 of 2nd period - Shot Misses the Net.
7:37 of 2nd period - Off-side.
7:38 of 2nd period - Quinton Howden wins face-off versus Jonathan Marchessault in neutral zone.
7:54 of 2nd period - Icing by Dmitrij Jaskin.
7:55 of 2nd period - Jonathan Marchessault wins face-off versus Mitchell Heard in Eagles zone.
8:10 of 2nd period - Wrist shot by Tom Kuhnhackl.
8:10 of 2nd period - Shot Misses the Net.
8:26 of 2nd period - Snap shot by Anthony Duclair.
8:26 of 2nd period - Shot Misses the Net.
10:29 of 2nd period - Icing by Kerby Rychel.
10:30 of 2nd period - Drake Caggiula wins face-off versus Mitchell Heard in Thunderbirds zone.
10:31 of 2nd period - Slapshot by Stefan Elliott.
10:31 of 2nd period - Shot Misses the Net.
10:33 of 2nd period - Slapshot by Joel Edmundson.
10:33 of 2nd period - Shot Misses the Net.
10:35 of 2nd period - Slapshot by Stefan Elliott.
10:35 of 2nd period - Stopped by Igor Bobkov with a rebound.
10:37 of 2nd period - Slapshot by Stefan Elliott.
10:37 of 2nd period - Shot Blocked by Mitchell Heard.
11:38 of 2nd period - Slapshot by Griffin Reinhart.
11:38 of 2nd period - Stopped by Marek Mazanek with a rebound.
11:44 of 2nd period - Snap shot by Kerby Rychel.
11:44 of 2nd period - Shot Blocked by Connor Carrick.
11:58 of 2nd period - Tanner Laczynski is hit by Thomas Chabot and loses puck.
12:50 of 2nd period - Slapshot by Valentin Zykov.
12:50 of 2nd period - Stopped by Marek Mazanek with a rebound.
13:26 of 2nd period - Wrist shot by Ryan Lomberg.
13:26 of 2nd period - Stopped by Marek Mazanek with a rebound.
13:28 of 2nd period - Wrist shot by Ryan Lomberg.
13:28 of 2nd period - Stopped by Marek Mazanek with a rebound.
13:36 of 2nd period - Snap shot by Jerry D'Amigo.
13:36 of 2nd period - Deflect By Jean-Sebastien Dea.
13:36 of 2nd period - Stopped by Marek Mazanek with a rebound.
13:54 of 2nd period - Slapshot by Quinton Howden.
13:54 of 2nd period - Shot Misses the Net.
14:00 of 2nd period - Minor Penalty to Jonathan Marchessault for Tripping.
14:01 of 2nd period - Pius Suter wins face-off versus Quinton Howden in Eagles zone.
14:01 of 2nd period - Pius Suter is hit by Quinton Howden.
14:34 of 2nd period - Snap shot by Jerry D'Amigo.
14:34 of 2nd period - Stopped by Marek Mazanek without a rebound.
14:35 of 2nd period - Jean-Sebastien Dea wins face-off versus Drake Caggiula in Eagles zone.
14:46 of 2nd period - Wrist shot by Ryan Lomberg.
14:46 of 2nd period - Stopped by Marek Mazanek with a rebound.
14:48 of 2nd period - Slapshot by Jerry D'Amigo.
14:48 of 2nd period - Shot Misses the Net.
14:50 of 2nd period - Slapshot by John Draeger.
14:50 of 2nd period - Deflect By Jerry D'Amigo.
14:50 of 2nd period - Goal by Jerry D'Amigo - Eagles : 1 - Thunderbirds : 2.
14:51 of 2nd period - Quinton Howden wins face-off versus Dmitrij Jaskin in neutral zone.
14:54 of 2nd period - Wrist shot by Christian Fischer.
14:54 of 2nd period - Shot Misses the Net.
15:06 of 2nd period - Slapshot by Ryan Murphy.
15:06 of 2nd period - Shot Misses the Net.
15:16 of 2nd period - Niklas Hansson is hit by Jared McCann and loses puck.
16:09 of 2nd period - Snap shot by Kerby Rychel.
16:09 of 2nd period - Stopped by Marek Mazanek without a rebound.
16:10 of 2nd period - Mitchell Heard wins face-off versus Zach Aston-Reese in Eagles zone.
16:17 of 2nd period - Snap shot by Dmitrij Jaskin.
16:17 of 2nd period - Shot Blocked by Tom Kuhnhackl.
16:31 of 2nd period - Minor Penalty to Kerby Rychel for Tripping.
16:32 of 2nd period - Quinton Howden wins face-off versus Jonathan Marchessault in Thunderbirds zone.
17:36 of 2nd period - Viktor Baldayev is hit by Stefan Elliott.
18:31 of 2nd period - Penalty to Kerby Rychel is over, Kerby Rychel is back on ice.
18:56 of 2nd period - Niklas Hansson is hit by Jared McCann and loses puck.
19:13 of 2nd period - Connor Carrick is hit by Griffin Reinhart and loses puck.
19:49 of 2nd period - Drake Caggiula is hit by Michal Jordan and loses puck.
Goals for this period are 0 for Eagles vs 1 for Thunderbirds.
Shots for this period are 2 for Eagles vs 15 for Thunderbirds.
3rd period
0:01 of 3rd period - Jonathan Marchessault wins face-off versus Quinton Howden in neutral zone.
0:16 of 3rd period - Wrist shot by Quinton Howden.
0:16 of 3rd period - Stopped by Marek Mazanek with a rebound.
0:26 of 3rd period - Niklas Hansson is hit by Anthony Duclair and loses puck.
1:26 of 3rd period - Off-side.
1:27 of 3rd period - Valentin Zykov wins face-off versus Drake Caggiula in neutral zone.
1:53 of 3rd period - Dmitrij Jaskin is hit by Jean-Sebastien Dea and loses puck.
2:04 of 3rd period - Jake Walman is hit by Dmitrij Jaskin and loses puck.
2:40 of 3rd period - Michal Jordan is hit by Anthony Duclair.
3:04 of 3rd period - Off-side.
3:05 of 3rd period - Jean-Sebastien Dea wins face-off versus Jared McCann in neutral zone.
3:10 of 3rd period - Snap shot by Ryan Lomberg.
3:10 of 3rd period - Stopped by Marek Mazanek with a rebound.
3:28 of 3rd period - Griffin Reinhart is hit by Drake Caggiula and loses puck.
3:39 of 3rd period - Snap shot by Anthony Duclair.
3:39 of 3rd period - Shot Misses the Net.
3:41 of 3rd period - Slapshot by Joel Edmundson.
3:41 of 3rd period - Deflect By Matteson Iacopelli.
3:41 of 3rd period - Shot Misses the Net.
3:41 of 3rd period - Puck is out of play.
3:42 of 3rd period - Jonathan Marchessault wins face-off versus Quinton Howden in Thunderbirds zone.
3:55 of 3rd period - Slapshot by Jonathan Marchessault.
3:55 of 3rd period - Stopped by Igor Bobkov without a rebound.
3:56 of 3rd period - Jonathan Marchessault wins face-off versus Quinton Howden in Thunderbirds zone.
4:05 of 3rd period - Snap shot by Jonathan Marchessault.
4:05 of 3rd period - Stopped by Igor Bobkov with a rebound.
4:07 of 3rd period - Snap shot by Joseph Blandisi.
4:07 of 3rd period - Stopped by Igor Bobkov with a rebound.
4:09 of 3rd period - Slapshot by Stefan Elliott.
4:09 of 3rd period - Stopped by Igor Bobkov with a rebound.
4:23 of 3rd period - Anthony Duclair is hit by Ryan Lomberg and loses puck.
5:22 of 3rd period - Wrist shot by Quinton Howden.
5:22 of 3rd period - Shot Misses the Net.
5:24 of 3rd period - Wrist shot by Christian Fischer.
5:24 of 3rd period - Shot Misses the Net.
5:26 of 3rd period - Slapshot by Viktor Baldayev.
5:26 of 3rd period - Deflect By Jared McCann.
5:26 of 3rd period - Stopped by Marek Mazanek with a rebound.
5:28 of 3rd period - Snap shot by Christian Fischer.
5:28 of 3rd period - Stopped by Marek Mazanek with a rebound.
5:30 of 3rd period - Slapshot by Valentin Zykov.
5:30 of 3rd period - Shot Misses the Net.
7:02 of 3rd period - Off-side.
7:03 of 3rd period - Quinton Howden wins face-off versus Jonathan Marchessault in neutral zone.
7:11 of 3rd period - Slapshot by Valentin Zykov.
7:11 of 3rd period - Shot Misses the Net.
7:50 of 3rd period - Tom Kuhnhackl is hit by Michael Dal Colle and loses puck.
7:59 of 3rd period - Michael Dal Colle is hit by Tom Kuhnhackl and loses puck.
8:34 of 3rd period - Wrist shot by Ryan Lomberg.
8:34 of 3rd period - Stopped by Marek Mazanek with a rebound.
9:04 of 3rd period - Wrist shot by Tanner Laczynski.
9:04 of 3rd period - Goal by Tanner Laczynski - Eagles : 1 - Thunderbirds : 3.
9:05 of 3rd period - Quinton Howden wins face-off versus Jonathan Marchessault in neutral zone.
9:24 of 3rd period - Michal Jordan is hit by Jonathan Marchessault and loses puck.
9:43 of 3rd period - Snap shot by Jerry D'Amigo.
9:43 of 3rd period - Stopped by Marek Mazanek without a rebound.
9:44 of 3rd period - Jean-Sebastien Dea wins face-off versus Drake Caggiula in Eagles zone.
9:49 of 3rd period - Slapshot by Jerry D'Amigo.
9:49 of 3rd period - Shot Blocked by John Ramage.
9:57 of 3rd period - Snap shot by Anthony Duclair.
9:57 of 3rd period - Stopped by Igor Bobkov with a rebound.
9:59 of 3rd period - Snap shot by Anthony Duclair.
9:59 of 3rd period - Shot Misses the Net.
10:11 of 3rd period - Jonathan Marchessault is hit by Mitchell Heard and loses puck.
10:42 of 3rd period - Slapshot by Nicklas Jensen.
10:42 of 3rd period - Stopped by Marek Mazanek with a rebound.
11:04 of 3rd period - Wrist shot by Anthony Duclair.
11:04 of 3rd period - Shot Misses the Net.
11:33 of 3rd period - Off-side.
11:34 of 3rd period - Mitchell Heard wins face-off versus Jared McCann in neutral zone.
12:06 of 3rd period - Slapshot by Griffin Reinhart.
12:06 of 3rd period - Shot Blocked by Stefan Elliott.
13:06 of 3rd period - Wrist shot by Joel Edmundson.
13:06 of 3rd period - Shot Blocked by Jake Walman.
13:08 of 3rd period - Snap shot by Joseph Blandisi.
13:08 of 3rd period - Stopped by Igor Bobkov with a rebound.
13:10 of 3rd period - Slapshot by Joel Edmundson.
13:10 of 3rd period - Shot Misses the Net.
13:12 of 3rd period - Snap shot by Joel Edmundson.
13:12 of 3rd period - Stopped by Igor Bobkov with a rebound.
13:18 of 3rd period - Minor Penalty to Quinton Howden for Interference.
13:19 of 3rd period - Kerby Rychel wins face-off versus Jonathan Marchessault in Thunderbirds zone.
15:18 of 3rd period - Penalty to Quinton Howden is over, Quinton Howden is back on ice.
15:25 of 3rd period - Slapshot by Zach Aston-Reese.
15:25 of 3rd period - Shot Blocked by Viktor Baldayev.
15:27 of 3rd period - Wrist shot by Jared McCann.
15:27 of 3rd period - Shot Misses the Net.
15:29 of 3rd period - Wrist shot by Jared McCann.
15:29 of 3rd period - Shot Blocked by Jake Walman.
15:31 of 3rd period - Slapshot by Xavier Ouellet.
15:31 of 3rd period - Stopped by Igor Bobkov without a rebound.
15:32 of 3rd period - Jared McCann wins face-off versus Quinton Howden in Thunderbirds zone.
15:33 of 3rd period - Slapshot by Zach Aston-Reese.
15:33 of 3rd period - Stopped by Igor Bobkov with a rebound.
15:35 of 3rd period - Slapshot by Xavier Ouellet.
15:35 of 3rd period - Shot Blocked by Quinton Howden.
15:37 of 3rd period - Snap shot by Michael Dal Colle.
15:37 of 3rd period - Stopped by Igor Bobkov with a rebound.
15:39 of 3rd period - Slapshot by Zach Aston-Reese.
15:39 of 3rd period - Shot Misses the Net.
15:41 of 3rd period - Snap shot by Zach Aston-Reese.
15:41 of 3rd period - Stopped by Igor Bobkov with a rebound.
15:43 of 3rd period - Snap shot by Jared McCann.
15:43 of 3rd period - Shot Misses the Net.
15:45 of 3rd period - Wrist shot by Zach Aston-Reese.
15:45 of 3rd period - Shot Misses the Net.
15:47 of 3rd period - Slapshot by Michael Dal Colle.
15:47 of 3rd period - Shot Misses the Net.
15:59 of 3rd period - Joseph Blandisi is hit by Ryan Lomberg.
17:58 of 3rd period - Icing by Anthony Duclair.
17:59 of 3rd period - Tanner Laczynski wins face-off versus Jonathan Marchessault in Eagles zone.
18:02 of 3rd period - Snap shot by Tanner Laczynski.
18:02 of 3rd period - Shot Misses the Net.
18:04 of 3rd period - Slapshot by Jake Walman.
18:04 of 3rd period - Shot Blocked by Stefan Elliott.
18:06 of 3rd period - Snap shot by Tanner Laczynski.
18:06 of 3rd period - Stopped by Marek Mazanek without a rebound.
18:07 of 3rd period - Zach Aston-Reese wins face-off versus Mitchell Heard in Eagles zone.
18:32 of 3rd period - Anthony Duclair is hit by Valentin Zykov and loses puck.
19:00 of 3rd period - Slapshot by Jean-Sebastien Dea.
19:00 of 3rd period - Shot Misses the Net.
Goals for this period are 0 for Eagles vs 1 for Thunderbirds.
Shots for this period are 11 for Eagles vs 9 for Thunderbirds.